 Dungeon Crawl Stone Soup version 0.32-a0-886-g41c5271027 (webtiles) character file.

Game seed: 12045477203945875351

2146 zyxw121 the Sneak (level 9, -11/69 HPs)
             Began as a Human Brigand on Apr 2, 2024.
             Was a Follower of Okawaru.
             Mangled by Pikel the entropy weaver (15 damage)
             ... on level 6 of the Dungeon.
             The game lasted 00:20:51 (6820 turns).

zyxw121 the Sneak (Human Brigand)                   Turns: 6820, Time: 00:20:52

Health: -11/69     AC:  4    Str: 11    XL:     9   Next: 31%
Magic:  3/3        EV: 13    Int: 15    God:    Okawaru [*.....]
Gold:   366        SH:  0    Dex: 18    Spells: 8/8 levels left

rFire   . . .        j - +4 short sword (antimagic)
rCold   + . .        (no shield)
rNeg    . . .        y - +1 leather armour {rC+}
rPois   .            (no helmet)
rElec   +            c - +0 cloak
rCorr   .            v - +2 pair of gloves
SInv    .            (no boots)
Will    +....        (no amulet)
Stlth   ++++         i - ring of willpower
HPRegen 0.31/turn    (no ring)
MPRegen 0.08/turn

%: no passive effects
@: corroded, unable to drink
A: explore regen, clever 1, electricity resistance, inability to drink after
injury 1
a: Renounce Religion, Heroism


You were on level 6 of the Dungeon.
You worshipped Okawaru.
Okawaru was aware of your devotion.
You visited 2 branches of the dungeon, and saw 7 of its levels.

You collected 366 gold pieces.

Inventory:

Hand Weapons
 a - a +2 dagger
 j - a +4 antimagic short sword (weapon)
 p - a +0 short sword of venom
Missiles
 d - 5 poisoned darts (quivered)
Armour
 c - a +0 cloak (worn)
 m - a +1 helmet
 n - a +0 pair of boots
 v - a +2 pair of gloves (worn)
 y - a +1 leather armour of cold resistance (worn)
Jewellery
 i - a ring of willpower (left hand)
 t - a ring of ice
 w - a ring of resist corrosion
Scrolls
 l - a scroll of identify {unknown}
 q - a scroll of amnesia {unknown}
 r - a scroll of teleportation
Potions
 o - a potion of berserk rage {unknown}


   Skills:
 + Level 5.7 Fighting
 + Level 5.6 Short Blades
 + Level 5.7 Throwing
 + Level 5.3 Dodging
 + Level 7.1 Stealth


You had 8 spell levels left.
You didn't know any spells.
Your spell library contained the following spells:

 Spells                   Type           Power      Damage    Failure   Level
 Ensorcelled Hibernation  Hex/Ice        0%         N/A       47%         2
 Lesser Beckoning         Tloc           0%         N/A       47%         2
 Maxwell's Portable Pile  Tloc           0%         2d(5-13)  71%         3
 Passwall                 Erth           0%         N/A       71%         3
 Swiftness                Air            0%         N/A       71%         3
 Teleport Other           Tloc           0%         N/A       71%         3


Dungeon Overview and Level Annotations

Branches:
Dungeon (6/15)             Temple (1/1) D:5

Altars:
Cheibriados
Dithmenos
Fedhas
Gozag
Hepliaklqana
Kikubaaqudgha
Nemelex Xobeh
Okawaru
Qazlal
Ru
Sif Muna
Trog
Uskayaw
Vehumet
Wu Jian
Yredelemnul
Zin
The Shining One

Shops:
D:4 [

Annotations:
D:6 Pikel
Temple 2 transporters


Innate Abilities, Weirdness & Mutations

You regain HP and MP as you explore.
Your mind is acute. (Int +4, Str/Dex -1)
You are resistant to electric shocks. (rElec)
You occasionally lose the ability to drink potions when taking damage.


Message History

You hit Pikel but do no damage.
Pikel is moderately wounded.
Pikel hits you with a +0 whip of freezing!
Pikel freezes you.
Pikel resists with some effort.
Pikel barely misses you.
You hit Pikel but do no damage.
Pikel is moderately wounded.
Pikel hits you but does no damage.
Pikel evaporates and reforms as an entropy weaver!
Pikel hits you but does no damage. x2; Pikel hits you.
Pikel misses you.
Pikel resists with almost no effort.
Pikel hits you but does no damage. Pikel closely misses you.
Pikel barely misses you. Pikel closely misses you.
Pikel resists with almost no effort.
The now-empty wand crumbles to dust.
Pikel closely misses you. Pikel hits you. Pikel misses you. Pikel hits you.
You hit Pikel but do no damage.
Pikel is moderately wounded.
Pikel barely misses you. x2; Pikel closely misses you.
Pikel hits you.
You puncture Pikel!
Pikel's magic leaks into the air.
Pikel is moderately wounded.
Pikel points at you and mumbles some strange words.
The entropic weave corrodes you!
You hit Pikel.
Pikel's magic leaks into the air.
Pikel is heavily wounded.
Pikel hits you. Pikel hits you! x2; Pikel hits you.
Nothing quivered!
Throw: 6 darts (poison)
Press: ? - help, Q - select action, (/) - cycle Shift-Dir - straight line, f/p - Pikel
Aim: Pikel the entropy weaver (heavily wounded, magic disrupted, 53% to hit)
You throw a poisoned dart. The poisoned dart barely misses Pikel.
Pikel closely misses you. x2; Pikel hits you.
* * * LOW HITPOINT WARNING * * *
Pikel hits you!
* * * LOW HITPOINT WARNING * * *
You feel threatened and lose the ability to drink potions!
You cannot drink potions in your current state!
As you read the scroll of fog, it dissolves into smoke.
Pikel's magic is no longer disrupted.
Pikel barely misses you. x2
Pikel closely misses you. Pikel hits you!
You die...
Pikel says, "See you in Hell!"

###.##.#########.....#
....#......#...#.....# #
#..........#.#........
#.#.#..........#......|.
##.#.#.###..........<....
#....................##..
####5#.##§§..........##..
#.#.#§§§.#^.......#...
#.#.#@§§........>.#...
#.#.#B##.##.......#...
#.#$§§§...+.....###...
#5###.##.##.....# #..>
#.# #.##.######## #...
#5# #.##+### #... #.#
#......# #... #.#
#(.....# #...
#.###......# #...


You could see Pikel the entropy weaver.

Vanquished Creatures
  Maggie (D:6)
  Jeremiah (D:6)
  A steam dragon (D:6)
  Menkaure (D:6)
  A water moccasin (D:6)
  An ice beast (D:6)
  2 ogres
  4 lemures
  A bullfrog (D:6)
  A gnoll sergeant (D:3)
  A scorpion (D:6)
  3 bombardier beetles
  5 hounds
  An orc priest (D:5)
  A jelly (D:5)
  5 iguanas
  2 orc wizards
  4 sleepcaps
  6 adders
  5 gnolls
  2 dart slugs
  16 orcs
  2 ball pythons
  7 endoplasms
  3 giant cockroaches
  5 goblins
  7 hobgoblins
  4 jackals (D:1)
  4 quokkas
  4 bats
  A frilled lizard (D:1)
  9 kobolds
  3 rats
114 creatures vanquished.

Notes
Turn   | Place    | Note
-------+----------+-------------------------------------------
     0 | D:1      | zyxw121 the Human Brigand began the quest for the Orb.
     0 | D:1      | Reached XP level 1. HP: 16/16 MP: 1/1
   130 | D:1      | Reached XP level 2. HP: 22/22 MP: 2/2
   718 | D:2      | Found a faded altar of an unknown god.
   868 | D:2      | Reached XP level 3. HP: 27/27 MP: 1/3
  1195 | D:3      | Noticed a gnoll sergeant
  1195 | D:3      | Found the +5 woodcutter's axe
  1226 | D:3      | Killed a gnoll sergeant
  1227 | D:3      | Reached XP level 4. HP: 23/34 MP: 1/4
  1331 | D:2      | Reached XP level 5. HP: 18/40 MP: 1/5
  1360 | D:2      | HP: 1/40 [gnoll/+0 flail (11)]
  2286 | D:3      | Reached XP level 6. HP: 47/47 MP: 2/6
  2747 | D:4      | Reached skill level 5 in Stealth
  2833 | D:4      | Found Hofeppaacu's Armour Shoppe.
  3322 | D:4      | Found a glowing silver altar of Zin.
  3325 | D:4      | Found a shadowy altar of Dithmenos.
  3403 | D:4      | Found a sacrificial altar of Ru.
  3435 | D:4      | Reached XP level 7. HP: 53/53 MP: 2/7
  3541 | D:5      | Entered Level 5 of the Dungeon
  3651 | D:4      | Gained mutation: You are resistant to electric shocks.
                  | (rElec) [potion of mutation]
  3651 | D:4      | Gained mutation: You occasionally lose the ability to drink
                  | potions when taking damage. [potion of mutation]
  3651 | D:4      | Gained mutation: Your mind is acute. (Int +4, Str/Dex -1)
                  | [potion of mutation]
  4176 | D:5      | Found a staircase to the Ecumenical Temple.
  4547 | D:5      | Found a basalt altar of Yredelemnul.
  4876 | Temple   | Found a transporter.
  4876 | Temple   | Found a transporter.
  4876 | Temple   | Found a transporter.
  4876 | Temple   | Found a transporter.
  4876 | Temple   | Entered the Ecumenical Temple
  4954 | Temple   | Became a worshipper of Warmaster Okawaru
  4997 | D:6      | Found a glowing golden altar of the Shining One.
  5047 | D:6      | Reached XP level 8. HP: 51/61 MP: 2/8
  5148 | D:6      | Reached skill level 6 in Stealth
  5347 | D:6      | Noticed Maggie
  5358 | D:6      | Killed Maggie
  5358 | D:6      | Reached * piety under Okawaru
  5532 | D:6      | HP: 2/61 [poisoned by a water moccasin]
  5736 | D:6      | Reached skill level 5 in Fighting
  5736 | D:6      | Reached skill level 5 in Throwing
  5830 | D:6      | Reached skill level 5 in Short Blades
  6115 | D:6      | Noticed Menkaure
  6120 | D:6      | Reached skill level 5 in Dodging
  6120 | D:6      | Reached XP level 9. HP: 40/68 MP: 3/9
  6282 | D:6      | Killed Menkaure
  6354 | D:6      | Noticed Jeremiah
  6362 | D:6      | Killed Jeremiah
  6363 | D:6      | Reached skill level 7 in Stealth
  6598 | D:6      | Noticed Pikel
  6813 | D:6      | Pikel changed into Pikel the entropy weaver
  6813 | D:6      | Noticed Pikel
  6820 | D:6      | Mangled by Pikel the entropy weaver

Illustrated notes

Levels and vault maps discovered:
D:1:      onia_arrival_pentagram, layout_basic
D:2:      layout_rooms, ebering_ecumenical_altar_mist
D:3:      layout_loops_corners, pf_guarded_unrand_woodcutter
D:4:      cheibrodos_quashed, layout_rooms, nicolae_ru_path_of_blood,
          nicolae_overflow_hidden_temple, serial_shops, shop
D:5:      layout_cave_pools, kennysheep_little_box, minmay_temple_entry_tees,
          nicolae_houndstooth_variations
D:6:      layout_basic, mainiacjoe_overflow_catwalk, uniq_pikel, uniq_maggie,
          uniq_menkaure, uniq_jeremiah
Temple:   hellmonk_temple_divided_pantheon

Skill      XL: |  1  2  3  4  5  6  7  8  9 |
---------------+----------------------------+-----
Dodging        | 2 3 4 5 |  5.3
Fighting       | 3 4 5 |  5.7
Short Blades   | 3 4 5 |  5.6
Throwing       | 3 4 5 |  5.7
Stealth        | 5 6 7 |  7.1

Action                     |  1- 3 |  4- 6 |  7- 9 || total
---------------------------+-------+-------+-------++-------
  Melee: Dagger            |    41 |       |       ||    41
         Short sword       |    13 |   146 |   296 ||   455
  Throw: Dart              |    13 |    44 |    61 ||   118
         Throwing net      |       |     1 |     2 ||     3
 Invoke: Heroism           |       |       |     2 ||     2
  Evoke: Wand              |       |       |     5 ||     5
    Use: Potion            |       |     2 |     8 ||    10
         Scroll            |       |       |     8 ||     8
   Stab: Sleeping          |     4 |    12 |     6 ||    22
         Held in net/web   |       |       |     1 ||     1
 Armour: Robe              |    27 |    23 |       ||    50
         Leather armour    |       |    73 |   201 ||   274
  Dodge: Dodged            |    21 |    94 |   152 ||   267

Table legend: (Time is in decaauts)
 A = Elapsed time spent in this place.
 B = Non-inter-level travel time spent in this place.
 C = Inter-level travel time spent in this place.
 D = Time resting spent in this place.
 E = Time spent auto-exploring this place.
 F = Levels seen in this place.
 G = Mean time per level.
                   A        B        C        D        E       F      G
               +--------+--------+--------+--------+--------+-----+--------+
         Total |   6705 |   6500 |    205 |   1264 |   3269 |   7 |  957.9 |
       Dungeon |   6604 |   6399 |    205 |   1264 |   3269 |   6 | 1100.7 |
        Temple |    100 |    100 |      0 |      0 |      0 |   1 |  100.0 |
               +--------+--------+--------+--------+--------+-----+--------+

Top non-repeatable levels by time:
     D:5: 1484 daAuts
     D:6: 1442 daAuts
     D:3: 1246 daAuts
     D:4: 955 daAuts
     D:2: 761 daAuts
     D:1: 714 daAuts
  Temple: 100 daAuts
